AoeStats
← TheZenTex

Arabia

510168238Analyzed
1v1 RM · 3d ago on Sep 29, 2026· 26m 58s· 2 players
Game mode
Random Map
Map size
Tiny (2 player)
Population
200
Speed
Normal
Resources
Standard
Victory
Conquest
Starting age
Dark Age
Ending age
Imperial Age
RankedLock teamsTeams togetherTeam positionsShared explorationLock speedFull tech treeHidden civsTurbo modeCheats
Victory
Defeat
🇦🇷 Varangians · Argentina
1211
+17
🇺🇸 Varangians · United States
1237
-17
Because I Got High
6:33 Loom
8:57 Feudal Age
9:07 Man-at-Arms
10:31 Double-Bit Axe
13:13 Arson
20:47 Castle Age
19:22 Horse Collar
22:22 Squires
22:35 Forging
22:25 Scale Mail Armor
TheZenTex
8:23 Loom
13:31 Feudal Age
17:35 Bloodlines
24:48 Castle Age
25:07 Scale Barding Armor
Connection lost

Rejoining the realm…

Still unreachable

The connection could not be restored.

Session expired

The server has moved on; the page needs a fresh start.